Unix NetHack Version 5.0.0-0 post-release - last build May 17 2026 04:57:42 (dc50c8380fa5e20985bfe3072449f57b8d9895ef,branch:main).

Game began 2026-05-18 02:10:43, ended 2026-05-18 02:26:11.

ArrBianca, lawful female dwarven Archeologist

                     ---
                   --..--
                  --.....
                 -...%...
         --------..----.-
    --..--........--  -------
    -......--------     --..|
    .....---     ----   |.of|
    .....-      --.>.   -..@|
    .......-----.[*..---...)# ##-
    ......................-####..
    -.|.---...........(...## |...
                 .......#.#
                 .|.....|..
                  ---)..--
                    --*..|
                     -----

ArrBianca the Field Worker  St:13 Dx:13 Co:15 In:12 Wi:13 Ch:9  Lawful
Dlvl:4  $:52 HP:0(36) Pw:8(8) AC:9  Xp:4 T:1192 

Latest messages:
 You lash the hill orc.
 The hill orc hits!
 What do you want to drink? [q or ?*] q
 You feel better.
 The hill orc hits!
 You lash the hill orc.
 Your kitten eats a hill orc corpse.
 The hill orc hits!
 You miss the hill orc.
 The hill orc hits!
 You kill the hill orc!
 B - an iron skull cap.
 You swap places with your kitten.
 You see here a pick-axe.
 You see here a crossbow bolt.
 C - a crossbow bolt.
 You see here a rock.
 A grid bug suddenly appears close by!
 The kitten bites the grid bug.
 The grid bug is killed!
 The grid bug bites!
 You get zapped!
 You kill the grid bug!
 You hear a chugging sound.
 You are beginning to feel hungry.
 What do you want to eat? [djr or ?*] d
 Blecch!  Rotten food!
 You finish eating the food ration.
 What do you want to drop? [$a-jlmo-rvx-zA-C or ?*] <space>
 Never mind.
 The hill orc wields a curved sword!
 The kitten bites the newt.
 The newt is killed!
 You miss the hill orc.
 The hill orc swings his curved sword.
 The hill orc hits!
 You miss the hill orc.
 The hill orc swings his curved sword.
 The hill orc hits!
 You swap places with your kitten.
 You see here a rock.
 The kitten picks up a rock.
 What do you want to throw? [$vxAC or ?*] A
 In what direction? n
 The crude dagger misses the hill orc.
 You swap places with your kitten.
 The hill orc swings his curved sword.
 The hill orc hits!
 You die...
 Do you want an account of creatures vanquished? [ynaq] (y) q

Inventory:
 Coins    ('$')
  $ - 52 gold pieces
 Weapons  (')')
  C - a +1 crossbow bolt
  v - 10 +0 crossbow bolts
  x - a +0 axe
  a - a +2 bullwhip (weapon in right hand)
 Armor    ('[')
  c - an uncursed +0 fedora (being worn)
  B - an uncursed +0 orcish helm
  y - an uncursed +1 dwarvish cloak
  b - an uncursed +0 leather jacket (being worn)
 Comestibles  ('%')
  d - 2 uncursed food rations
  j - an uncursed homemade tin of jackal meat
  r - an uncursed lichen corpse
 Scrolls  ('?')
  l - an uncursed scroll of create monster
 Spellbooks  ('+')
  o - an uncursed spellbook of blank paper
 Potions  ('!')
  q - an uncursed potion of healing
 Wands    ('/')
  p - a wand of digging (0:4)
 Tools    ('(')
  h - an empty uncursed sack
  m - an uncursed blindfold
  z - an uncursed blindfold
  i - a magic marker (0:20)
  e - a +0 pick-axe (alternate weapon; not wielded)
  f - a tinning kit (0:98)
 Gems/Stones  ('*')
  g - an uncursed touchstone

ArrBianca the Archeologist's attributes:

Background:
 You were a Field Worker, a level 4 female dwarven Archeologist.
 You were lawful, on a mission for Quetzalcoatl
 who was opposed by Camaxtli (neutral) and Huhetotl (chaotic).
 You were right-handed.
 You were in the Gnomish Mines, on level 4.
 You entered the dungeon 1192 turns ago.
 It was nighttime.
 There was a new moon in effect when your adventure ended.
 You had 92 experience points, 68 more were needed to attain level 5.

Basics:
 You had 0 out of 36 hit points.
 You had all 8 energy points (spell power).
 Your armor class was 9.
 Your wallet contained 52 zorkmids.
 Autopickup was on for '$?!/="+%' plus thrown, with exceptions.

Final Characteristics:
 Your strength was 13 (limit:18/100).
 Your dexterity was 13 (limit:20).
 Your constitution was 15 (limit:20).
 Your intelligence was 12 (limit:16).
 Your wisdom was 13 (limit:16).
 Your charisma was 9 (limit:16).

Final Status:
 You weren't hungry.
 You were unencumbered.
 You were wielding a whip.
 You had basic skill with whip.

Final Attributes:
 You were devoutly aligned.
 You had automatic searching.
 You had infravision.
 You were lucky.
 You are dead.

Miscellaneous:
 You encountered 1 bones level.
 Total elapsed playing time was 13 minutes and 48 seconds.

Major events:
 Turn
    1: ArrBianca the lawful female dwarven Archeologist entered the dungeon
  871: entered the Gnomish Mines
 1018: attained the rank of Field Worker (level 3)
 1192: killed by a hill orc

You didn't know any spells.

Skills:
 Fighting Skills
   bare handed combat [Unskilled]
   two weapon combat  [Unskilled]
   riding             [Unskilled]
 Weapon Skills
   dagger             [Unskilled]
   knife              [Unskilled]
   pick-axe           [Basic]
   short sword        [Unskilled]
   saber              [Unskilled]
   club               [Unskilled]
   quarterstaff       [Unskilled]
   sling              [Unskilled]
   dart               [Unskilled]
   boomerang          [Unskilled]
   whip               [Basic]
   unicorn horn       [Unskilled]
 Spellcasting Skills
   attack spells      [Unskilled]
   healing spells     [Unskilled]
   divination spells  [Unskilled]
   matter spells      [Unskilled]

Voluntary challenges:
 Character rerolling was not enabled.
 You never genocided any monsters.
 You never polymorphed an object.
 You never changed form.
 You used no wishes.
Achievements:
 You entered the Gnomish Mines.
 You attained the rank of Field Worker.

 The Dungeons of Doom: levels 1 to 3
    Level 1:
       A grave.
    Level 2:
       A fountain, a sink.
    Level 3:
       A fountain.
       Stairs down to The Gnomish Mines.
 The Gnomish Mines:
    Level 4: <- You were here.
       Final resting place for
          you, killed by a hill orc,
          Brudee-Mon-Hum-Fem-Cha, killed by Mr. Cubask; the shopkeeper,
          maikkel-Pri-Elf-Mal-Cha, killed by a dwarf.


Vanquished creatures:
  a rock mole
  a little dog
  a homunculus
  3 hill orcs
  2 cave spiders
  4 jackals
  3 sewer rats
  4 grid bugs
  2 bats
  2 lichens
  a kobold zombie
  4 newts
28 creatures vanquished.

No species were genocided or became extinct.

Game over:
                       ----------
                      /          \
                     /    REST    \
                    /      IN      \
                   /     PEACE      \
                  /                  \
                  |    ArrBianca     |
                  |      52 Au       |
                  | killed by a hill |
                  |       orc        |
                  |                  |
                  |                  |
                  |       2026       |
                 *|     *  *  *      | *
        _________)/\\_//(\/(/\)/\//\/|_)_______

Goodbye ArrBianca the Archeologist...

You died in The Gnomish Mines on dungeon level 4 with 585 points,
and 52 pieces of gold, after 1192 moves.
You were level 4 with a maximum of 36 hit points when you died.

